 Dungeon Crawl Stone Soup version 0.29.1-12-g30fa7ad0bf (webtiles) character file.

Game seed: 2262504417444238204

150 Linkola the Conjurer (level 5, -8/42 HPs)
             Began as a Deep Elf Conjurer on Jan 2, 2023.
             Mangled by Duvessa
             ... wielding a +2 rapier of holy wrath
              (10 damage)
             ... on level 4 of the Dungeon.
             The game lasted 00:09:50 (3413 turns).

Linkola the Conjurer (Deep Elf Conjurer)            Turns: 3413, Time: 00:09:51

Health: -8/42      AC: 22    Str:  4    XL:     5   Next: 10%
Magic:  3/13       EV:  2    Int: 25    God:
Gold:   152        SH:  0    Dex: 13    Spells: 6/12 levels left

rFire   . . .      SeeInvis .   f - +2 short sword (drain)
rCold   + . .      Faith    .   (no shield)
rNeg    . . .      Spirit   .   (body armour currently unavailable)
rPois   +          Reflect  .   (helmet currently unavailable)
rElec   .          Harm     .   (cloak currently unavailable)
rCorr   .          Rampage  .   (gloves currently unavailable)
Will    .....      NoTele   +   (boots currently unavailable)
Stlth   ++........              (no amulet)
HPRegen 0.14/turn               r - ring of protection from cold
MPRegen 0.13/turn               (no ring)

@: tree-form, unable to read
A: stationary, stasis, torment immunity, boosted hp, (cold resistance 1),
inability to read after injury 1
a: no special abilities


You were on level 4 of the Dungeon.
You were a tree.
You visited 1 branch of the dungeon, and saw 4 of its levels.

You collected 152 gold pieces.

Inventory:

Hand Weapons
 f - a +2 short sword of draining (weapon)
Armour
 a - a +0 robe (melded)
 g - a +0 cloak (melded)
 o - a +0 pair of boots (melded)
 p - a +0 pair of gloves (melded)
Jewellery
 r - a ring of protection from cold (left branch)
Wands
 i - a wand of charming (11)
 n - a wand of mindburst (18)
 t - a wand of quicksilver (9)
Scrolls
 j - a scroll of fog
 s - 3 scrolls of poison
Potions
 b - 2 potions of magic
 d - a potion of haste
 e - 2 potions of resistance
 h - a potion of berserk rage {unknown}
 k - a potion of brilliance {unknown}
 l - a potion of flight {unknown}
 m - a potion of degeneration {unknown}
 q - a potion of curing {unknown}


   Skills:
 + Level 2.8 Dodging
 + Level 2.7 Stealth
 + Level 4.2 Spellcasting
 + Level 5.8 Conjurations
 * Level 2.3 Hexes
 * Level 0.6 Evocations


You had 6 spell levels left.
You knew the following spells:

 Your Spells              Type           Power      Damage    Failure   Level
a - Magic Dart            Conj           100%       1d8       1%          1
b - Searing Ray           Conj           68%        2d6       1%          2
c - Dazzling Flash        Conj/Hex       50%        N/A       4%          3

Your spell library contained the following spells:

 Spells                   Type           Power      Damage    Failure   Level
 Fulminant Prism          Conj/Hex       12%        3d9       17%         4
 Ozocubu's Armour         Ice            5%         N/A       26%         3
 Iskenderun's Mystic Bla  Conj/Tloc      19%        2d6       26%         4
 Metabolic Englaciation   Hex/Ice        5%         N/A       83%         5
 Simulacrum               Ice/Necr       2%         N/A       100%        6


Dungeon Overview and Level Annotations

Branches:
Dungeon (4/15)
 Temple: D:4-7

Altars:
Dithmenos
Nemelex Xobeh

Annotations:
D:4 Duvessa


Innate Abilities, Weirdness & Mutations

You are a tree.
Your roots penetrate the ground, keeping you stationary.
You cannot be teleported.
You are immune to unholy pain and torment.
Your maximum health is greatly increased.
Your equipment is partially melded.
((Your flesh is cold resistant. (rC+)))
You occasionally lose the ability to read scrolls when taking damage.


Message History

Duvessa is moderately wounded.
The searing ray hits Dowan.
Dowan is lightly wounded.
You finish channelling your searing ray.
Duvessa drinks a potion.
Duvessa seems to grow stronger.
Duvessa completely misses you.
Dowan smirks and points a slender finger.
Casting: Searing Ray (safe; 1% risk of failure)
Confirm with . or Enter, or press ? or * to list all spells.
Aiming: Searing Ray (safe; 1% risk of failure)
Press: ? - help, Shift-Dir - straight line, f - Dowan
Aim: Dowan, wielding a +0 dagger and wearing a +0 robe (lightly wounded, 73% to hit)
The searing ray hits Duvessa.
Duvessa is moderately wounded.
The searing ray hits Dowan.
Dowan is moderately wounded. (Press . to maintain the ray.) Duvessa hits you with a +2 rapier of holy wrath.
The searing ray hits Duvessa.
Duvessa is heavily wounded.
The searing ray hits Dowan.
Dowan is severely wounded.
Duvessa barely misses you.
The searing ray hits Dowan!
You kill Dowan!
Duvessa screams in rage.
Duvessa goes berserk!
Duvessa hits you with a +2 rapier of holy wrath!!
Ouch! That really hurt!
* * * LOW HITPOINT WARNING * * *
Your Spellcasting skill increases to level 4!
You have reached level 5!
It was a potion of lignification.
You turn into a tree.
Your +0 cloak melds into your body.
Your +0 pair of gloves melds into your body.
Your +0 pair of boots melds into your body.
Your +0 robe melds into your body.
Your roots penetrate the ground.
Duvessa hits you with a +2 rapier of holy wrath!
You feel threatened and lose the ability to read scrolls!
You die...

...##.#### ..# .......#
#.....#... ...##.###
#......... ...##...#
###.#.......
##.####.#####...#.......
#.# #.........#.......
### #<#####...#.......
#.#.###...#)....|.
#.........♣e..$...
#...###...#.......
##..###...#...$...
#........########
#..###...# #..# #...#
....# ##### .##### #


You could see Duvessa (berserk, fast, strong).

Vanquished Creatures
  Dowan (D:4)
  3 gnolls (D:4)
  An ufetubus (D:3)
  9 dart slugs
  5 orcs (D:3)
  4 ball pythons
  5 endoplasms
  A giant cockroach (D:3)
  3 goblins (D:1)
  5 hobgoblins
  A bat (D:1)
  6 frilled lizards
  5 kobolds
  2 rats
51 creatures vanquished.

Vanquished Creatures (others)
  An orc (D:3)
1 creature vanquished.

Grand Total: 52 creatures vanquished

Notes
Turn   | Place    | Note
-------+----------+-------------------------------------------
     0 | D:1      | Linkola the Deep Elf Conjurer began the quest for the Orb.
     0 | D:1      | Reached XP level 1. HP: 10/10 MP: 6/6
   132 | D:1      | Reached XP level 2. HP: 15/15 MP: 1/8
   135 | D:1      | Learned a level 2 spell: Searing Ray
   481 | D:1      | Reached skill level 1 in Hexes
   513 | D:1      | Gained mutation: You occasionally lose the ability to read
                  | scrolls when taking damage. [potion of mutation]
   513 | D:1      | Gained mutation: Your flesh is cold resistant. (rC+)
                  | [potion of mutation]
   801 | D:1      | Reached skill level 5 in Conjurations
  1359 | D:2      | Reached XP level 3. HP: 19/19 MP: 7/9
  1363 | D:2      | Learned a level 3 spell: Dazzling Flash
  1542 | D:2      | Found a faded altar of an unknown god.
  2449 | D:3      | Found a shadowy altar of Dithmenos.
  2488 | D:3      | Found a glowing drain.
  2737 | D:3      | Reached XP level 4. HP: 24/24 MP: 7/11
  3090 | D:3      | Found a sparkling altar of Nemelex Xobeh.
  3405 | D:4      | Noticed Duvessa
  3405 | D:4      | Noticed Dowan
  3412 | D:4      | Killed Dowan
  3412 | D:4      | HP: 1/24 [Duvessa/+2 rapier of holy wrath (19)]
  3413 | D:4      | Reached XP level 5. HP: 1/28 MP: 2/13
  3413 | D:4      | Mangled by Duvessa

Illustrated notes

Levels and vault maps discovered:
D:1:      heliophobic_arrival_glass_houses, layout_basic
D:2:      layout_loops_ring, shapermc_ecumenical_altar_gd, serial_bayou_pond_e
D:3:      kennysheep_slugbush, layout_loops_ring,
          nicolae_dithmenos_the_darkroom, nemelex_diamond_rough_becter,
          portal_sewer_entry_c
D:4:      layout_basic, grunt_temple_overflow_open,
          ebering_ghost_reflecting_pool, uniq_ijyb, uniq_duvessa, uniq_eustachio

Skill      XL: |  1  2  3  4 |
---------------+-------------+-----
Hexes          | 1 2 |  2.3
Conjurations   | 5 |  5.8
Spellcasting   | 4 |  4.2
Dodging        | |  2.8
Stealth        | |  2.7
Evocations     | |  0.6

Action                   |  1- 3 |  4- 6 || total
-------------------------+-------+-------++-------
 Cast: Magic Dart        |    76 |     3 ||    79
       Searing Ray       |     7 |     6 ||    13
Evoke: Wand              |     1 |       ||     1
  Use: Scroll            |     7 |     1 ||     8
       Potion            |     1 |     1 ||     2
Armor: Robe              |     4 |       ||     4
Dodge: Dodged            |    28 |     4 ||    32
